 Dungeon Crawl Stone Soup version 0.25-a0-200-g5ba96148f3 (console) character file.

Game seed: 13234511782910422262, levelgen mode: deterministic

106 Kagalorn the Caller (level 4, -1/36 HPs)
             Began as a Deep Dwarf Summoner on Dec 2, 2019.
             Slain by Grinder (4 damage)
             ... on level 3 of the Dungeon.
             The game lasted 00:10:59 (2185 turns).

Kagalorn the Caller (Deep Dwarf Summoner)           Turns: 2185, Time: 00:10:59

Health: -1/36      AC:  2    Str: 12    XL:     4   Next: 55%
Magic:  1/6        EV: 12    Int: 16    God:
Gold:   81         SH:  0    Dex: 13    Spells: 5/9 levels left

rFire    . . .     SeeInvis .   d - +0 hand axe
rCold    . . .     Gourm    .   (no shield)
rNeg     . . .     Faith    .   a - +0 robe
rPois    .         Spirit   .   (no helmet)
rElec    .         Reflect  .   (no cloak)
rCorr    .         Harm     .   (no gloves)
MR       .....                  (no boots)
Stlth    ++........             (no amulet)
HPRegen  0.00/turn              (no ring)
MPRegen  0.10/turn              (no ring)

@: non-regenerating
A: damage resistance, heal wounds, sense surroundings 1, no regeneration
a: Heal Wounds


You were on level 3 of the Dungeon.
You were not hungry.

You visited 1 branch of the dungeon, and saw 4 of its levels.

You collected 81 gold pieces.

Inventory:

Hand Weapons
 d - a +0 hand axe (weapon)
Missiles
 f - 28 sling bullets
 g - 61 stones (quivered)
Armour
 a - a +0 robe (worn)
 l - a +3 chain mail
Jewellery
 i - a +6 amulet of reflection {unknown}
 r - a cursed amulet of inaccuracy {unknown}
 u - an uncursed ring of flight {unknown}
Scrolls
 b - a scroll of fear {unknown}
 e - 5 scrolls of remove curse {unknown}
 h - 2 scrolls of amnesia {unknown}
 k - a scroll of teleportation {unknown}
 n - 2 scrolls of identify {unknown}
 q - a scroll of noise {unknown}
 s - a scroll of immolation {unknown}
Potions
 j - a potion of lignification {unknown}
 m - a potion of brilliance {unknown}
 o - a potion of flight {unknown}
 p - a potion of magic {unknown}
 t - a potion of curing
 v - a potion of heal wounds {unknown}
Comestibles
 c - a ration


   Skills:
 - Level 2.1 Dodging
 - Level 2.4 Stealth
 * Level 3.0 Spellcasting
 * Level 4.7 Summonings


You had 5 spell levels left.
You knew the following spells:

 Your Spells              Type           Power        Failure   Level  Hunger
a - Call Canine Familiar  Summ           ###.....     9%          3    ###....
b - Summon Small Mammal   Summ           ###.         2%          1    #......

Your spell library contained the following spells:

 Spells                   Type           Power        Failure   Level  Hunger
 Call Imp                 Summ           ###.....     4%          2    ##.....
 Summon Guardian Golem    Hex/Summ       ##......     22%         3    ###....
 Summon Ice Beast         Ice/Summ       ##......     56%         4    #####..
 Summon Lightning Spire   Summ/Air       ##......     56%         4    #####..


Dungeon Overview and Level Annotations

Branches:
Dungeon (4/15)
 Temple: D:4-7

Altars:

Annotations:
D:3 Grinder
D:4 Ijyb


Innate Abilities, Weirdness & Mutations

You are resistant to damage.
You can heal yourself by infusing magical energy.
You passively map a small area around you.
You do not regenerate.


Message History

You writhe in agony.
Casting: Call Canine Familiar (safe; 9% risk of failure)
Confirm with . or Enter, or press ? or * to list all spells.
Grinder hits you!
* * * LOW HITPOINT WARNING * * *
You writhe in agony.
You closely miss Grinder.
Grinder is moderately wounded.
Grinder barely misses you.
You closely miss Grinder.
Grinder is moderately wounded.
Your hound barely misses Grinder.
Your hound closely misses Grinder.
Grinder gestures at you. You resist with some effort.
You hit Grinder.
Grinder is moderately wounded.
Your hound completely misses Grinder.
Grinder hits you!
* * * LOW HITPOINT WARNING * * *
You writhe in agony.
You die...

* * * ..... .# *
.%?.##.# * *** *
.......# **
.......# ,
*......##########
.. ,..............#
....###.........@.#
............†..5h.#
5######...........#
#..........##
########..........#
..5....†>...†.....#
...#.........†....#
#)...##...........#
.....###......)...#


You could see Grinder and a friendly hound.

Vanquished Creatures
  An adder (D:2)
  A worm (D:2)
  2 leopard geckos (D:2)
  2 ball pythons (D:1)
  2 bats
  3 giant cockroaches
  A goblin (D:2)
  A hobgoblin (D:1)
  2 jackals (D:2)
  A kobold (D:2)
  A quokka (D:2)
  3 frilled lizards (D:2)
  5 rats
25 creatures vanquished.

Vanquished Creatures (collateral kills)
  Natasha (thrice) (D:2)
  2 adders
  A worm (D:2)
  2 giant cockroaches
  3 goblins
  3 hobgoblins
  2 jackals (D:1)
  2 bats
  A frilled lizard (D:1)
  3 kobolds
  A rat (D:1)
23 creatures vanquished.

Grand Total: 48 creatures vanquished

Notes
Turn   | Place    | Note
-------+----------+-------------------------------------------
     0 | D:1      | Kagalorn the Deep Dwarf Summoner began the quest for the
                  | Orb.
     0 | D:1      | Reached XP level 1. HP: 15/15 MP: 3/3
   553 | D:1      | Reached XP level 2. HP: 16/22 MP: 5/5
   626 | D:1      | Reached skill level 4 in Summonings
  1322 | D:2      | Reached XP level 3. HP: 7/28 MP: 6/6
  1347 | D:2      | Noticed Natasha
  1358 | D:2      | Learned a level 3 spell: Call Canine Familiar
  1367 | D:2      | Killed Natasha
  1623 | D:2      | Noticed Natasha
  1647 | D:2      | Killed Natasha
  1647 | D:2      | Reached XP level 4. HP: 11/36 MP: 2/7
  1648 | D:2      | Noticed Natasha
  1660 | D:2      | Killed Natasha
  1900 | D:2      | Found a faded altar of an unknown god.
  2061 | D:3      | Noticed Grinder
  2109 | D:4      | Noticed Ijyb
  2109 | D:4      | Noticed an ogre
  2185 | D:3      | Slain by Grinder

Levels and vault maps discovered:
D:1:      evilmike_arrival_grusome_pit, layout_loops_cross
D:2:      layout_rooms, chequers_ecumenical_altar_island,
          hangedman_decor_opposing, uniq_natasha
D:3:      layout_rooms, uniq_crazy_yiuf_cottage, uniq_grinder
D:4:      layout_basic, first_ration, uniq_ijyb

Skill      XL: |  1  2  3  4 |
---------------+-------------+-----
Spellcasting   | 2 3 |  3.0
Summonings     | 4 |  4.7
Dodging        | |  2.1
Stealth        | |  2.4

Action                   |  1- 3 |  4- 6 || total
-------------------------+-------+-------++-------
Melee: Unarmed           |     5 |       ||     5
       Hand axe          |    70 |    34 ||   104
 Cast: Summon Small Mamm |    44 |     4 ||    48
       Call Canine Famil |     5 |     7 ||    12
 Abil: Heal Wounds       |     2 |     1 ||     3
 Stab: Sleeping          |     5 |       ||     5
  Eat: Chunk             |     3 |       ||     3
       Ration            |       |     1 ||     1
Armor: Robe              |    17 |     5 ||    22
Dodge: Dodged            |    80 |    21 ||   101

Table legend:
 A = Non-vault XP
 B = Vault XP
 C = Vault XP percentage of total XP
 D = Non-vault monster count
 E = Vault monster count
 F = Vault count percentage of total count
                 A         B        C        D         E       F
            +---------+---------+-------+---------+---------+-------
      Total |     135 |      17 |  11.2 |      47 |       1 |   2.1
            +---------+---------+-------+---------+---------+-------
        D:1 |      17 |       0 |   0.0 |      14 |       0 |   0.0
        D:2 |     105 |      17 |  13.9 |      26 |       1 |   3.7
        D:3 |      13 |       0 |   0.0 |       7 |       0 |   0.0
            +---------+---------+-------+---------+---------+-------
